Map: Neon Violet Square LE

Players

ShoWTimE - Winner!

  • Race: Protoss Protoss
  • League: Grandmaster
  • Spawn Location: 5:00

Starbuck

  • Race: Zerg Zerg
  • League: Grandmaster
  • Spawn Location: 11:00

Event: WESG Barcelona European Finals 2017

VOD

https://youtu.be/PhWBajLimL8?t=30m33s

Description

Time

  • Played on: Nov. 24, 2017, 7:33 a.m.
  • Length: 11:51

All games in this series

Show
View Real Time Build Order
Export as new Build Order

ShoWTimE Protoss - Winner!

Build Orders: 1 Gate Expand, Oracle Opening, Phoenix Opening 

Get SALT Encoding   

  12  0:00  Probe  
  13  0:13  Probe  
  14  0:19  Pylon  
  14  0:25  Probe  
  15  0:37  Probe (Chrono Boost)  
  16  0:43  Gateway  
  16  0:48  Probe (Chrono Boost)  
  16  0:49  Assimilator  
  17  0:52  Probe  
  18  1:05  Probe (Chrono Boost)  
  19  1:17  Probe (Chrono Boost)  
  20  1:28  Nexus  
  20  1:39  Cybernetics Core  
  20  1:41  Probe  
  21  1:47  Assimilator  
  21  1:54  Probe  
  22  1:57  Pylon  
  22  2:06  Probe  
  23  2:15  Adept (Chrono Boost)  
  25  2:18  Probe  
  25  2:21  Stargate  
  26  2:25  Warp Gate  
  26  2:30  Probe  
  26  2:34  Adept  
  29  2:40  Probe  
  29  2:42  Probe  
  31  2:52  Probe  
  31  2:54  Probe  
  33  3:01  Adept  
  33  3:04  Probe  
  36  3:06  Probe, Oracle (Chrono Boost)  
  40  3:16  Pylon  
  40  3:17  Probe  
  40  3:18  Probe  
  42  3:29  Probe  
  42  3:30  Probe  
  42  3:32  Phoenix (Chrono Boost)  
  46  3:40  Gateway  
  46  3:41  Probe  
  47  3:42  Probe  
  47  3:46  Gateway  
  48  3:53  Probe  
  48  3:54  Pylon  
  48  3:55  Probe  
  50  4:05  Probe, Twilight Council  
  50  4:07  Probe  
  52  4:10  Assimilator  
  52  4:17  Probe  
  52  4:19  Probe  
  52  4:22  Nexus  
  54  4:27  Pylon  
  54  4:29  Probe  
  55  4:35  Probe  
  56  4:41  Resonating Glaives (Chrono Boost), Probe  
  56  4:43  Adept x2  
  56  4:45  Adept  
  63  4:49  Pylon  
  63  4:52  Probe  
  64  4:53  Probe  
  65  5:04  Probe  
  65  5:05  Probe  
  67  5:07  Adept x3  
  67  5:13  Shield Battery, Pylon  
  73  5:18  Robotics Facility  
  73  5:20  Pylon  
  73  5:22  Probe x2  
  73  5:27  Assimilator  
  75  5:29  Adept  
  75  5:31  Adept  
  75  5:32  Adept  
  75  5:34  Probe  
  82  5:37  Probe  
  82  5:40  Probe  
  84  5:43  Forge  
  84  5:46  Probe  
  84  5:49  Probe  
  86  5:52  Probe, Sentry x3  
  93  5:58  Probe  
  93  6:02  Probe  
  96  6:04  Probe  
  96  6:09  Protoss Ground Weapons Level 1 (Chrono Boost)  
  96  6:10  Probe  
  97  6:14  Probe  
  97  6:16  Probe  
  97  6:17  Assimilator  
  99  6:18  Charge (Chrono Boost)  
  99  6:20  Assimilator  
  99  6:21  Robotics Bay  
  99  6:22  Probe  
  99  6:24  Observer (Chrono Boost)  
  99  6:26  Probe  
  99  6:28  Probe  
  99  6:31  Pylon  
  101  6:32  Pylon  
  101  6:35  Probe  
  101  6:38  Probe  
  107  6:40  Immortal (Chrono Boost)  
  107  6:41  Shield Battery x2  
  107  6:43  Pylon  
  103  6:50  Gateway  
  103  6:51  Gateway  
  103  6:52  Gateway  
  95  7:03  Gateway x2  
  91  7:14  Colossus (Chrono Boost)  
  97  7:21  Extended Thermal Lance  
  93  7:25  Zealot x2  
  93  7:26  Zealot  
  93  7:29  Forge  
  99  7:33  Nexus  
  99  7:35  Pylon  
  99  7:39  Photon Cannon  
  99  7:40  Shield Battery  
  99  7:41  Pylon  
  99  7:49  Blink  
  99  7:52  Probe x3  
  99  7:54  Protoss Ground Armor Level 1, Protoss Ground Weapons Level 2  
  99  7:57  Colossus (Chrono Boost)  
  108  7:59  Shield Battery  
  108  8:00  Zealot x4, Pylon  
  116  8:09  Zealot x2  
  120  8:20  Templar Archives  
  117  8:30  Assimilator, Stalker x5  
  117  8:33  Assimilator  
  133  8:46  Warp Prism (Chrono Boost)  
  129  8:52  Phoenix  
  129  8:56  Gateway, High Templar x6  
  129  8:58  Zealot x2  
  129  8:59  Gateway  
  129  9:02  Archon x2  
  145  9:03  Archon  
  151  9:11  Colossus (Chrono Boost)  
  151  9:12  Pylon  
  151  9:13  Pylon  
  130  9:36  Zealot  
  130  9:37  Zealot x7  
  118  9:57  Zealot x8  
  126  10:02  Zealot x2  
  126  10:05  Immortal (Chrono Boost)  
  122  10:18  Stalker x7  
  132  10:23  High Templar x2  
  132  10:27  Archon  
  136  10:34  Observer (Chrono Boost)  
  137  10:47  High Templar x3  
  137  10:48  High Templar x2  
  137  10:49  High Templar  
  149  10:50  Stalker x2  
  149  10:53  Archon x3  
  149  10:54  Oracle  
  149  10:55  Pylon  
  156  11:00  Observer (Chrono Boost)  
  157  11:09  Nexus  
  157  11:12  Zealot x2  
  157  11:13  Zealot x2, Pylon  
  165  11:20  High Templar x2  
  165  11:22  Zealot x3  
  165  11:23  Zealot  
  165  11:24  Archon  
  167  11:41  Stalker x4  
  155  11:48  Zealot x4  
Show
View Real Time Build Order
Export as new Build Order

Starbuck Zerg 

Build Orders: Hatch First, Lurkers 

Get SALT Encoding   

  12  0:00  Drone  
  13  0:13  Overlord  
  13  0:17  Drone  
  14  0:31  Drone x2  
  14  0:34  Drone  
  17  0:52  Hatchery  
  17  0:56  Drone  
  17  0:59  Drone  
  17  1:02  Extractor  
  17  1:15  Spawning Pool  
  16  1:19  Drone  
  16  1:22  Drone  
  18  1:29  Drone  
  19  1:38  Overlord  
  19  2:02  Metabolic Boost, Zergling x4, Queen  
  19  2:04  Drone  
  24  2:10  Queen  
  24  2:15  Drone  
  27  2:17  Drone  
  28  2:23  Drone  
  28  2:26  Drone  
  30  2:40  Hatchery  
  30  2:42  Drone  
  30  2:44  Drone  
  30  2:47  Drone  
  32  2:51  Overlord  
  32  2:54  Zergling x2  
  33  3:02  Queen  
  35  3:08  Drone  
  35  3:11  Drone x3  
  40  3:12  Drone  
  40  3:15  Zergling x2  
  41  3:21  Overlord  
  41  3:22  Drone  
  41  3:25  Spore Crawler  
  41  3:31  Drone x2  
  43  3:39  Overlord  
  43  3:41  Lair  
  43  3:42  Drone  
  43  3:43  Extractor, Drone  
  43  3:45  Drone  
  45  3:49  Spore Crawler  
  45  3:51  Drone  
  46  3:55  Drone x2  
  46  3:58  Drone  
  46  3:59  Drone  
  46  4:00  Drone  
  49  4:04  Drone x2  
  49  4:05  Drone  
  52  4:11  Spore Crawler  
  52  4:17  Overlord  
  51  4:18  Drone x2  
  51  4:19  Extractor, Drone  
  51  4:20  Drone  
  51  4:21  Drone  
  55  4:25  Overlord  
  55  4:29  Evolution Chamber  
  55  4:30  Overlord  
  54  4:32  Drone  
  54  4:34  Drone  
  54  4:35  Drone  
  54  4:38  Drone  
  58  4:44  Drone x2  
  58  4:45  Drone, Hydralisk Den  
  60  4:50  Drone x2  
  60  4:51  Drone x2  
  63  4:55  Queen  
  63  4:59  Zerg Missile Weapons Level 1  
  65  5:03  Drone  
  65  5:04  Drone  
  65  5:05  Drone  
  68  5:07  Overlord  
  68  5:11  Drone  
  68  5:12  Drone x3  
  68  5:13  Extractor  
  71  5:17  Overlord  
  71  5:18  Muscular Augments  
  71  5:23  Hydralisk  
  73  5:31  Hatchery, Hydralisk  
  73  5:35  Hydralisk x2  
  78  5:43  Drone  
  78  5:44  Infestation Pit  
  78  5:45  Drone x2  
  78  5:46  Drone, Roach Warren  
  78  5:47  Extractor x2  
  78  5:49  Drone x2  
  80  5:50  Drone  
  80  5:51  Drone  
  80  5:52  Drone  
  84  5:57  Zergling x8  
  84  5:59  Zergling x2  
  88  6:09  Zergling x4  
  88  6:10  Zergling x2  
  85  6:14  Hydralisk x5  
  83  6:18  Zergling x6  
  83  6:25  Zergling x6  
  82  6:26  Zergling x2  
  81  6:36  Hydralisk x2  
  81  6:37  Zergling x2  
  80  6:45  Drone x2  
  80  6:46  Drone x2  
  77  6:51  Drone x2  
  74  7:09  Drone x6  
  74  7:10  Pathogen Glands  
  76  7:17  Drone x2  
  76  7:18  Drone x2  
  76  7:22  Drone, Queen  
  83  7:26  Infestor  
  85  7:32  Drone x3  
  85  7:35  Drone  
  89  7:38  Hydralisk x2  
  92  7:45  Zerg Missile Weapons Level 2, Drone x2  
  92  7:49  Drone  
  95  7:56  Overlord x2  
  95  7:57  Extractor  
  94  8:00  Overlord  
  94  8:06  Hive  
  94  8:07  Drone  
  94  8:11  Lurker Den  
  94  8:12  Zergling x2  
  95  8:14  Queen  
  95  8:17  Drone  
  95  8:18  Drone x8  
  106  8:22  Drone x5  
  106  8:24  Drone  
  106  8:25  Drone  
  106  8:26  Drone  
  111  8:30  Drone  
  111  8:31  Neural Parasite  
  112  8:36  Infestor  
  112  8:37  Infestor  
  112  8:41  Overlord  
  116  8:46  Roach x2  
  116  8:47  Overlord  
  119  8:52  Spire  
  117  8:56  Overlord  
  117  8:58  Overseer  
  117  8:59  Roach  
  117  9:00  Roach  
  117  9:01  Roach x3  
  127  9:06  Zergling x2  
  127  9:08  Roach x3  
  134  9:10  Overlord  
  134  9:12  Drone  
  131  9:25  Roach x3  
  131  9:27  Roach  
  131  9:30  Roach x2  
  131  9:31  Roach x2  
  141  9:32  Roach x2  
  141  9:33  Roach x2  
  141  9:36  Roach x2  
  141  9:38  Roach x2  
  144  9:39  Roach x2  
  144  9:42  Roach x2  
  144  9:43  Roach x2  
  141  9:47  Roach  
  141  9:48  Roach x2  
  128  10:00  Roach x2  
  128  10:01  Roach x2  
  126  10:08  Hydralisk  
  126  10:10  Hydralisk  
  126  10:11  Hydralisk  
  123  10:18  Hydralisk  
  123  10:19  Lurker  
  126  10:26  Corruptor x3  
  126  10:28  Ravager  
  126  10:29  Ravager x2  
  126  10:32  Hatchery  
  128  10:44  Lurker  
  128  10:45  Hydralisk x2  
  133  10:51  Hatchery x2, Overlord x2  
  131  10:59  Overlord  
  131  11:04  Overlord  
  131  11:06  Overlord  
  131  11:10  Lurker  
  131  11:11  Lurker x3  
  135  11:15  Drone x2  
  135  11:17  Roach x2  
  141  11:23  Hydralisk x2  
  133  11:41  Extractor x2  
Tags
 
Add a new tag
Caveats
  • Supply blocks, unpowered buildings, or Contaminate may cause inaccurate times.
  • Supply counts are checked every 10 seconds.